Map: [ESL] Data-C

Players

FoxeR

  • Race: Terran Terran
  • Spawn Location: 3:00

Mixu - Winner!

  • Race: Zerg Zerg
  • Spawn Location: 9:00

Event: DreamHack SC2 Masters 2022 Atlanta (Offline)

VOD

Have the link to the VOD?

Description

Time

  • Played on: Nov. 18, 2022, 2:36 p.m.
  • Length: 17:12

All games in this series

Show
View Real Time Build Order
Export as new Build Order

FoxeR Terran 

Build Orders: Liberator Opening, Reaper Expand 

Get SALT Encoding   

  12  0:00  SCV  
  13  0:12  SCV  
  14  0:16  Supply Depot  
  14  0:24  SCV  
  15  0:38  SCV  
  15  0:39  Barracks  
  16  0:43  Refinery  
  16  0:50  SCV  
  17  1:02  SCV  
  18  1:14  SCV  
  19  1:26  Reaper, Orbital Command  
  20  1:40  Command Center  
  20  1:47  Supply Depot  
  20  1:52  SCV  
  21  1:58  Marine  
  22  2:05  SCV  
  23  2:11  Factory  
  23  2:16  Refinery  
  23  2:18  SCV  
  24  2:22  Barracks Reactor  
  24  2:30  SCV  
  25  2:42  SCV  
  26  2:53  Orbital Command  
  26  2:54  SCV  
  26  2:55  Starport  
  27  3:04  Hellion x2  
  31  3:06  SCV  
  31  3:12  Supply Depot  
  32  3:13  Marine  
  32  3:18  SCV  
  34  3:21  SCV  
  34  3:26  Hellion x2  
  39  3:30  SCV  
  40  3:35  SCV  
  40  3:37  Liberator  
  40  3:40  Supply Depot  
  44  3:42  SCV, Barracks Tech Lab  
  44  3:47  Hellion  
  44  3:48  Hellion  
  49  3:56  SCV  
  49  3:57  SCV  
  49  4:01  Stimpack  
  51  4:08  SCV  
  52  4:13  SCV  
  52  4:14  Command Center  
  53  4:18  Supply Depot  
  53  4:23  SCV  
  52  4:27  Factory Reactor  
  52  4:28  Factory Tech Lab, Starport Reactor  
  52  4:29  Barracks  
  52  4:30  SCV  
  53  4:33  Barracks  
  53  4:36  SCV  
  54  4:42  Marine  
  56  4:48  SCV  
  56  4:50  SCV  
  56  4:51  Engineering Bay  
  56  4:52  Engineering Bay  
  57  4:55  Siege Tank  
  60  5:00  Marine  
  60  5:01  SCV, Refinery  
  60  5:02  SCV  
  63  5:12  Refinery  
  63  5:13  SCV  
  62  5:14  SCV  
  62  5:18  Starport Reactor, Marine  
  62  5:20  Marine  
  62  5:22  Marine  
  62  5:25  SCV  
  62  5:26  SCV  
  62  5:27  Siege Tank  
  67  5:33  Marine  
  67  5:34  Marine  
  68  5:37  SCV  
  68  5:41  Marine  
  70  5:48  SCV, Terran Infantry Weapons Level 1, Marine  
  72  5:54  Orbital Command  
  72  5:57  SCV  
  72  5:59  Marine  
  72  6:00  SCV  
  72  6:02  Medivac  
  77  6:04  Medivac  
  77  6:09  Siege Tank  
  82  6:11  SCV  
  82  6:12  Marine  
  82  6:14  SCV  
  82  6:16  Orbital Command  
  85  6:26  Supply Depot  
  85  6:27  Supply Depot, Marine  
  85  6:32  Medivac, Marine x4  
  91  6:34  SCV  
  93  6:48  SCV x2, Medivac, Siege Tank, Marine  
  93  6:49  SCV  
  93  6:50  Marine x3  
  93  6:53  Marine  
  106  6:59  Barracks  
  106  7:00  Barracks, Terran Infantry Armor Level 1, SCV  
  108  7:01  SCV  
  108  7:05  Supply Depot, Marine  
  108  7:06  Supply Depot  
  109  7:14  Armory  
  109  7:20  Supply Depot  
  109  7:26  Marine x4  
  109  7:27  SCV x3  
  116  7:32  Marine  
  117  7:39  SCV x2  
  117  7:40  SCV  
  113  7:44  Marine x4  
  113  7:48  Medivac x2  
  113  7:49  Barracks Reactor x2  
  113  7:50  Marine  
  113  7:51  SCV x2  
  119  7:52  SCV  
  119  7:54  Command Center  
  119  7:55  Combat Shield  
  120  8:01  Siege Tank  
  120  8:05  Marine x2  
  123  8:07  Supply Depot, SCV  
  123  8:08  Supply Depot  
  123  8:10  SCV  
  123  8:12  Marine  
  128  8:15  Terran Infantry Weapons Level 2  
  128  8:17  Supply Depot  
  123  8:20  Marine  
  123  8:21  Marine  
  123  8:23  Marine x2  
  127  8:28  Refinery  
  127  8:29  Factory, Marine  
  127  8:30  Refinery, Marine x2  
  130  8:34  SCV x3  
  130  8:38  Siege Tank  
  136  8:43  Marine  
  136  8:44  Marine  
  136  8:48  SCV  
  139  8:49  SCV x2  
  139  8:54  Supply Depot x2, Marine x4  
  145  8:56  Medivac x2  
  145  9:00  SCV  
  145  9:01  SCV  
  145  9:02  Supply Depot x2  
  151  9:10  Siege Tank, Marine  
  151  9:14  SCV  
  151  9:15  Sensor Tower  
  156  9:19  Factory Tech Lab  
  156  9:23  Barracks x3  
  156  9:27  Sensor Tower  
  156  9:32  Supply Depot x2  
  156  9:37  Marauder, Marine x2  
  139  9:42  Siege Tank  
  142  9:47  Marine x6  
  144  9:54  Siege Tank  
  144  9:55  SCV, Marine x2  
  144  9:56  SCV  
  144  9:58  Marine  
  153  10:04  Marine  
  153  10:05  Marine x3  
  132  10:08  SCV x2  
  133  10:14  Siege Tank  
  133  10:20  SCV x2, Planetary Fortress  
  138  10:21  Command Center  
  138  10:25  Terran Infantry Armor Level 2  
  138  10:30  Barracks Tech Lab x2  
  138  10:32  SCV x2  
  138  10:35  Terran Infantry Weapons Level 3  
  140  10:41  Barracks Tech Lab, Marauder  
  140  10:42  Marine x3  
  145  10:52  Sensor Tower  
  145  10:56  SCV x2  
  144  10:57  Sensor Tower  
  144  11:00  Refinery  
  144  11:01  Refinery  
  144  11:06  Marauder, Marine x2  
  144  11:08  SCV x2  
  144  11:09  Marine x2  
  136  11:25  Command Center  
  136  11:37  Marine  
  145  11:46  Command Center  
  137  11:51  Siege Tank  
  140  11:55  Siege Tank  
  143  12:15  SCV  
  144  12:16  Marauder, Marine x2  
  144  12:17  Marauder  
  144  12:18  Sensor Tower  
  143  12:23  Marauder, Marine  
  143  12:25  Marine  
  132  12:30  Marine  
  132  12:34  SCV x2  
  136  12:38  Marauder  
  136  12:41  Marauder, Marine  
  141  12:47  Marine  
  132  12:56  Command Center  
  132  12:57  Orbital Command  
  132  12:58  Marine x2  
  133  12:59  Siege Tank  
  133  13:00  Siege Tank  
  133  13:01  Marauder  
  142  13:11  Bunker  
  142  13:15  Marauder  
  142  13:16  Marine x2  
  146  13:23  Marauder  
  146  13:24  Marauder  
  148  13:31  Siege Tank  
  134  13:38  Orbital Command  
  133  13:42  SCV x2  
  133  13:44  Siege Tank  
  138  13:53  Marine x3  
  128  14:02  SCV  
  129  14:03  Siege Tank  
  129  14:06  Marauder x2  
  129  14:07  Marauder  
  138  14:10  Marauder  
  138  14:12  SCV  
  138  14:16  Siege Tank  
  144  14:26  Marine x2  
  144  14:27  Marauder x2  
  144  14:28  Marauder  
  152  14:33  Sensor Tower  
  152  14:35  Siege Tank, Orbital Command  
  152  14:36  Marauder  
  152  14:37  SCV x2  
  148  14:41  Sensor Tower  
  148  14:42  Marine  
  150  14:47  Marine x3  
  150  14:49  SCV, Marauder x2  
  153  14:56  Siege Tank  
  154  15:00  SCV  
  154  15:06  Marauder, Marine  
  153  15:08  Siege Tank  
  153  15:12  Orbital Command  
  135  15:58  Command Center  
  135  16:17  Refinery  
  135  16:18  Refinery, Orbital Command  
  135  16:23  Supply Depot  
  125  16:44  Marine  
  125  16:45  Marine x2  
  125  16:46  Marine x3  
  118  17:08  Barracks  
Show
View Real Time Build Order
Export as new Build Order

Mixu Zerg - Winner!

Build Orders: Hatch First 

Get SALT Encoding   

  12  0:00  Drone  
  13  0:14  Overlord  
  13  0:17  Drone  
  14  0:32  Drone x2  
  16  0:48  Hatchery  
  15  0:52  Drone  
  15  0:56  Drone  
  17  0:59  Drone  
  18  1:10  Extractor  
  17  1:14  Spawning Pool  
  17  1:17  Drone  
  17  1:21  Drone  
  18  1:29  Drone  
  19  1:40  Drone  
  20  1:51  Overlord  
  20  2:01  Queen x2  
  20  2:02  Zergling x4  
  26  2:11  Drone  
  26  2:14  Drone  
  26  2:15  Metabolic Boost  
  28  2:22  Drone  
  29  2:23  Drone  
  30  2:35  Hatchery  
  29  2:40  Drone  
  29  2:42  Drone  
  31  2:47  Queen  
  33  2:53  Overlord  
  33  2:56  Drone  
  33  2:57  Drone  
  35  3:01  Drone  
  36  3:08  Overlord  
  36  3:11  Queen  
  36  3:12  Drone  
  39  3:14  Drone  
  39  3:17  Drone  
  39  3:18  Drone  
  42  3:20  Drone  
  42  3:23  Drone  
  44  3:27  Queen  
  44  3:32  Drone  
  47  3:35  Drone  
  47  3:39  Drone  
  49  3:42  Drone x3  
  49  3:47  Queen  
  49  3:48  Drone  
  55  3:50  Queen  
  55  3:53  Overlord  
  57  3:59  Drone  
  57  4:02  Overlord  
  58  4:11  Queen  
  58  4:12  Overlord  
  58  4:13  Zergling x8, Drone  
  65  4:19  Drone  
  65  4:23  Drone x2  
  68  4:29  Overlord  
  68  4:30  Drone x3  
  71  4:31  Lair  
  71  4:35  Baneling Nest, Drone x3, Extractor  
  72  4:39  Queen  
  72  4:42  Drone x2  
  76  4:48  Drone x5  
  76  4:52  Spore Crawler  
  80  5:00  Hatchery  
  80  5:01  Zergling x6  
  80  5:03  Zergling x2  
  80  5:05  Spore Crawler, Zergling x2  
  80  5:06  Zergling x2  
  84  5:07  Zergling x2  
  84  5:11  Spore Crawler  
  84  5:13  Zergling x4  
  85  5:16  Overlord  
  85  5:22  Baneling  
  85  5:24  Drone  
  85  5:25  Drone x4  
  88  5:29  Drone x2  
  87  5:37  Queen  
  87  5:39  Drone x2  
  87  5:40  Drone x2  
  89  5:42  Queen  
  89  5:44  Queen  
  89  5:47  Drone  
  89  5:49  Extractor  
  93  5:52  Drone x2  
  93  5:53  Evolution Chamber  
  93  5:54  Drone, Evolution Chamber  
  93  5:56  Extractor x2  
  92  6:00  Drone x3, Overlord  
  95  6:04  Drone  
  95  6:10  Overlord x2  
  95  6:11  Centrifugal Hooks  
  96  6:15  Hydralisk Den  
  96  6:17  Drone x5  
  96  6:21  Drone x4  
  100  6:27  Zerg Ground Armor Level 1  
  100  6:30  Drone x5  
  100  6:31  Drone  
  106  6:36  Overlord  
  106  6:38  Zergling x6  
  106  6:39  Zerg Melee Weapons Level 1  
  109  6:42  Zergling x6  
  109  6:46  Zergling x6  
  115  6:51  Overlord  
  115  6:52  Zergling x6  
  118  6:56  Muscular Augments  
  118  6:57  Drone  
  118  6:59  Baneling x4  
  119  7:02  Baneling x6  
  119  7:03  Hydralisk  
  119  7:07  Zergling x8  
  124  7:08  Hatchery  
  124  7:10  Zergling x2  
  124  7:11  Zergling x6  
  124  7:15  Baneling x4  
  127  7:16  Zergling x8  
  127  7:20  Baneling x5  
  127  7:22  Overlord  
  128  7:23  Zergling x4  
  128  7:27  Zergling x6  
  128  7:28  Zergling x10  
  137  7:33  Zergling x10  
  140  7:40  Zergling x8  
  140  7:46  Zergling x6  
  138  7:51  Drone  
  138  7:53  Drone x3  
  138  7:54  Infestation Pit, Hydralisk x3  
  138  7:57  Spore Crawler  
  138  7:58  Spore Crawler  
  145  8:00  Hydralisk  
  145  8:03  Drone x2  
  145  8:04  Spore Crawler  
  148  8:07  Drone  
  148  8:11  Hydralisk  
  151  8:13  Baneling x11  
  151  8:16  Baneling x6  
  151  8:17  Overlord x2  
  146  8:30  Extractor, Overlord  
  146  8:33  Drone x2  
  147  8:34  Drone x8  
  147  8:35  Extractor x2  
  147  8:36  Zerg Ground Armor Level 2  
  147  8:37  Overlord  
  147  8:38  Zergling x12  
  159  8:46  Hydralisk x2  
  159  8:48  Grooved Spines  
  163  8:52  Zergling x18  
  163  8:55  Zergling x4  
  174  9:02  Zergling x14  
  181  9:07  Zergling x12  
  186  9:10  Overlord  
  186  9:14  Hive  
  186  9:18  Zergling x8  
  186  9:19  Overlord  
  190  9:24  Hatchery  
  187  9:31  Hatchery  
  187  9:35  Hydralisk x4  
  187  9:37  Baneling x5  
  187  9:38  Baneling, Hydralisk x5  
  180  9:41  Baneling x11  
  185  9:48  Zergling x20  
  185  9:52  Baneling x4  
  184  9:54  Zergling x10  
  183  10:03  Zergling x12  
  183  10:04  Zergling x10  
  183  10:06  Zergling x4  
  177  10:11  Baneling x4  
  169  10:17  Zergling x12  
  169  10:18  Overseer  
  169  10:19  Baneling x3  
  169  10:20  Baneling x11  
  175  10:25  Zergling x12  
  175  10:28  Baneling x8  
  181  10:35  Zergling x14  
  188  10:42  Viper x2  
  194  10:44  Drone x2  
  194  10:53  Unknown  
  192  11:00  Zergling x16  
  192  11:02  Zerg Melee Weapons Level 2  
  194  11:04  Zerg Ground Armor Level 3  
  194  11:11  Zergling x28  
  170  11:12  Zergling x4  
  170  11:15  Burrow  
  170  11:17  Zergling x8  
  157  11:26  Baneling x13  
  157  11:27  Zergling x12  
  163  11:38  Drone x3  
  163  11:39  Zergling x6  
  177  11:40  Zergling x16  
  177  11:41  Baneling x4  
  177  11:47  Drone x3  
  177  11:50  Baneling x12  
  178  11:55  Baneling x2  
  178  11:56  Hydralisk x3  
  182  12:02  Hydralisk x4  
  182  12:04  Zergling x2, Queen  
  190  12:09  Baneling x7  
  190  12:12  Zergling x6  
  190  12:13  Zergling x12  
  194  12:15  Zergling x8  
  184  12:24  Zergling x24  
  184  12:29  Zergling x12  
  186  12:34  Hydralisk x4  
  193  12:40  Hydralisk x4  
  194  12:45  Zergling x14  
  194  12:49  Adrenal Glands  
  199  12:54  Zergling x2  
  199  12:56  Baneling x18  
  200  13:05  Baneling  
  200  13:06  Baneling  
  193  13:30  Zergling x40  
  195  13:39  Zergling x22  
  197  13:45  Zergling x6  
  199  13:52  Zergling x24  
  200  13:57  Zerg Missile Weapons Level 1  
  200  13:58  Lurker Den  
  200  14:00  Zergling x2  
  200  14:01  Baneling x13  
  200  14:02  Baneling x2  
  199  14:03  Baneling x18  
  199  14:07  Nydus Network x2  
  197  14:22  Overseer x2  
  197  14:26  Pneumatized Carapace  
  197  14:27  Zerg Melee Weapons Level 3  
  197  14:37  Zergling x40  
  193  14:43  Baneling  
  193  14:44  Baneling x5  
  193  14:46  Zergling x14  
  191  14:53  Hatchery  
  191  14:54  Zergling x6  
  191  14:55  Zergling x14  
  191  14:59  Zergling x8  
  197  15:05  Zergling x2  
  182  15:09  Zergling x8  
  183  15:14  Seismic Spines  
  183  15:16  Nydus Canal  
  183  15:18  Nydus Canal  
  183  15:19  Hydralisk x4  
  191  15:21  Lurker x3  
  191  15:25  Zergling x12  
  200  15:30  Pathogen Glands  
  200  15:32  Baneling x8  
  200  15:35  Zergling x12  
  181  15:36  Hatchery  
  181  15:38  Nydus Canal  
  181  15:39  Nydus Canal  
  181  15:40  Zergling x2  
  181  15:48  Hydralisk x2  
  181  15:49  Hydralisk x3  
  175  15:51  Zergling x10  
  175  15:56  Lurker x2  
  173  15:57  Zergling x12  
  177  16:05  Zergling x10  
  181  16:11  Adaptive Talons  
  181  16:12  Zergling x14  
  181  16:15  Lurker x3  
  181  16:16  Lurker x2  
  193  16:22  Zergling x10  
  193  16:25  Hydralisk x2  
  190  16:29  Hydralisk x2  
  184  16:34  Zergling x6  
  184  16:38  Zergling x16  
  189  16:43  Zergling x10  
  189  16:44  Zergling x2  
  193  16:55  Zergling x10, Nydus Canal  
  193  16:56  Nydus Canal  
  195  17:02  Lurker  
Tags
 
Add a new tag
Caveats
  • Supply blocks, unpowered buildings, or Contaminate may cause inaccurate times.
  • Supply counts are checked every 10 seconds.